Map: Whispers of Gold

Players

llllllllllll

  • Race: Terran Terran
  • League: Bronze
  • Spawn Location: 9:00

IIIIIIIIIIII - Winner!

  • Race: Zerg Zerg
  • League: Silver
  • Spawn Location: 5:00

VOD

Have the link to the VOD?

Description

Time

  • Played on: April 24, 2025, 8:25 a.m.
  • Length: 4:10
Show
View Real Time Build Order
Export as new Build Order

llllllllllll Terran 

Build Orders:  

Get SALT Encoding   

  12  0:00  SCV  
  13  0:12  SCV  
  14  0:18  Supply Depot  
  14  0:24  SCV  
  15  0:42  Barracks  
  15  0:54  Barracks  
  15  1:09  Barracks  
  14  1:30  Marine  
  12  1:47  Marine x2  
  12  2:05  Marine x2  
  13  2:23  Marine x2  
  15  2:32  Orbital Command  
  15  2:40  Marine  
  15  2:41  Marine  
  17  2:45  Supply Depot  
  17  2:58  Marine  
  17  2:59  Marine  
  17  3:00  SCV  
  20  3:06  Marine  
  21  3:16  Marine x2  
  17  3:24  Marine  
  12  3:34  Marine  
Show
View Real Time Build Order
Export as new Build Order

IIIIIIIIIIII Zerg - Winner!

Build Orders: Pool Only 

Get SALT Encoding   

  12  0:01  Drone  
  13  0:08  Drone  
  14  0:18  Overlord  
  14  0:23  Extractor  
  14  0:25  Drone  
  15  0:37  Drone x2  
  16  1:00  Spawning Pool  
  16  1:03  Drone x2  
  17  1:50  Zergling x4  
  17  1:51  Zergling x2  
  20  2:04  Zergling x2  
  21  2:20  Zergling x2  
  22  2:29  Overlord  
  22  2:46  Spine Crawler  
  22  2:48  Spine Crawler  
  20  2:56  Queen  
  22  2:59  Zergling x2  
  22  3:01  Zergling x2  
  22  3:05  Zergling x2  
  20  3:28  Zergling x4  
  20  3:32  Queen  
  24  3:45  Zergling x4  
  24  3:53  Zergling x2  
  20  4:10  Spine Crawler  
Tags
 
Matchup
TvZ
Opening
Pool Only
Replay Pack
kreditionep1
Spawn Locations
Cross Positions
Add a new tag
Caveats
  • Supply blocks, unpowered buildings, or Contaminate may cause inaccurate times.
  • Supply counts are checked every 10 seconds.